cohdb
Replays
Latest Replays
All Replays
Popular Replays
Top Player Replays
Match Explorer
How It Works
Community
CoH3 Stats
Reddit
Sign in to upload your games and track your stats! →
Sign in with Steam
Match 45305747
Unlisted
Match 45305747
Overview
Messages
Build Orders
End
Vickers Machine Gun Team
Construct Section Command Post
Dingo Light Scout Car
ML 3-inch Mortar Team
Infantry Section
Royal Engineer Section
Infantry Section
Construct Platoon Command Post
6-pounder Anti-tank Gun Team
Grenade Package
Construct Company Command Post
Foot Guards Section
Selects Indian Artillery Battlegroup
Selects Valour
Selects Gurkha Rifles Section
Matilda II Heavy Tank
Royal Engineer Section
Selects Volunteer Infantry
Selects Artillery Saturation
Matilda II Heavy Tank
Unlock Bishop Self-propelled Artillery
Selects Off-map Airburst Barrage
Bishop Self-propelled Artillery
Foot Guards Section
Infantry Training
Unlock M3 Grant Medium Tanks
M3 Grant Medium Tank
Selects Perimeter Monitor
Gurkha Rifles Section
Royal Engineer Section
Perimeter Monitor
Off-map Airburst Barrage
©Redgaarden III
看来打不过了开摆
bibotot1995
Otto Karius
0
0
Comments
sign in to comment!
No comments posted yet!